 Dungeon Crawl Stone Soup version 0.18-a0-27-g1f73fa3 (webtiles) character file.

81 KINGKRU the Cudgeler (level 4, 0/27 HPs)
             Began as a Kobold Wanderer on Nov 4, 2015.
             Slain by a gnoll
             ... wielding a +0 whip
              (9 damage)
             ... on level 3 of the Dungeon.
             The game lasted 00:11:04 (2333 turns).

KINGKRU the Cudgeler (Kobold Wanderer)              Turns: 2333, Time: 00:11:04

Health: 0/27       AC:  8    Str: 13    XL:     4   Next: 68%
Magic:  4/4        EV: 11    Int: 12    God:
Gold:   64         SH:  0    Dex: 14    Spells: 1 memorised, 3 levels left

rFire  . . .     SeeInvis .     a - +3 mace
rCold  . . .     Clarity  .     r - +0 scale mail
rNeg   . . .     SustAt   .     (shield restricted)
rPois  .         Gourm    .     k - +1 helmet {Int+3}
rElec  .         Spirit   .     (no cloak)
rCorr  .         Warding  .     (no gloves)
rMut   .         Stasis   .     (no boots)
MR     .....                    (no amulet)
Stlth  +.........               (no ring)
                                (no ring)

@: not resistant to hostile enchantments, very unstealthy
A: carnivore 3
a: no special abilities


You were on level 3 of the Dungeon.
You were not hungry.

You visited 1 branch of the dungeon, and saw 3 of its levels.

You collected 64 gold pieces.

Inventory:

Hand Weapons
 a - a +3 mace (weapon)
Armour
 d - a +0 robe
 k - a +1 helmet of intelligence (worn)
 r - a +0 scale mail (worn)
Jewellery
 e - an uncursed ring of stealth {unknown}
Scrolls
 f - a scroll of amnesia
 i - a scroll of enchant armour {unknown}
 j - a scroll of identify
 m - a scroll of recharging
 o - a scroll of remove curse
Potions
 b - a potion of lignification
 c - 2 potions of curing
 g - a potion of invisibility {unknown}
 h - 2 potions of heal wounds
 n - a potion of haste {unknown}
Books
 l - a book of Changes

   Spells                             Type                      Level
   a - Beastly Appendage              Transmutation                1
   b - Sticks to Snakes               Transmutation                2
   c - Spider Form                    Transmutation/Poison         3
   d - Ice Form                       Ice/Transmutation            4
   e - Blade Hands                    Transmutation                5
Comestibles
 p - 2 meat rations
 q - a royal jelly


   Skills:
 + Level 2.6 Fighting
 + Level 4.0 Maces & Flails
 + Level 1.1 Throwing
 + Level 1.6 Dodging
 + Level 2.6 Stealth
 + Level 2.2 Unarmed Combat
 + Level 0.5 Spellcasting
 + Level 0.8 Transmutations


You had 3 spell levels left.
You knew the following spells:

 Your Spells              Type           Power        Failure   Level  Hunger
a - Beastly Appendage     Trmt           #.....       96%         1    ##.....


Dungeon Overview and Level Annotations

Branches:
Dungeon (3/15)

Altars:


Innate Abilities, Weirdness & Mutations

You are small and have problems with some larger weapons.
You are carnivorous and can eat meat at any time.


Message History

Your scale mail prevents you from hitting the gnoll.
The gnoll is severely wounded.
The gnoll hits you. The gnoll closely misses you.
You hit the gnoll.
You kill the gnoll!
The gnoll hits you from afar with a spear.
The gnoll hits you with a whip.
You hit the gnoll.
The gnoll is lightly wounded.
The gnoll hits you from afar with a spear.
The gnoll hits you but does no damage. The gnoll barely misses you.
You hit the gnoll.
The gnoll is moderately wounded.
The gnoll hits you but does no damage.
The gnoll hits you from afar with a spear.
* * * LOW HITPOINT WARNING * * *
You hit the gnoll.
The gnoll is heavily wounded.
The gnoll hits you with a whip!
You die...

......####......#.#.###
..$.............#.#...####
#........................####
#...........%.............<..
............)................
#..............#.............
#.............##..........###
#............###......#####
............gg@.......#
..........†..###.#..###
.............# #.#..#
..###........# #.##..# .
###.###..........# #.#
#.####.#.... #. #.# #.# #.##
#.# #.# #.#


You could see 2 gnolls.

Vanquished Creatures
  An adder (D:3)
  2 gnolls (D:3)
  2 oozes (D:1)
  A worm (D:3)
  2 giant geckos (D:1)
  4 bats (D:1)
  3 giant cockroaches
  2 hobgoblins (D:2)
  7 jackals (D:1)
  2 ball pythons
  3 giant newts
  3 goblins
  5 kobolds
  3 rats (D:1)
40 creatures vanquished.

Notes
Turn   | Place    | Note
--------------------------------------------------------------
     0 | D:1      | KINGKRU the Kobold Wanderer began the quest for the Orb.
     0 | D:1      | KINGKRU set off with: a +2 mace, a potion of lignification, a potion of curing, a +0 robe, a meat ration
     0 | D:1      | Reached XP level 1. HP: 12/12 MP: 1/1
   128 | D:1      | Reached XP level 2. HP: 15/17 MP: 2/2
   482 | D:1      | Reached XP level 3. HP: 19/22 MP: 3/3
  1742 | D:2      | Learned a level 1 spell: Beastly Appendage
  2205 | D:3      | Reached XP level 4. HP: 27/27 MP: 2/4
  2255 | D:3      | Reached skill level 4 in Maces & Flails
  2333 | D:3      | Slain by a gnoll

Vault maps used:
D:1:      saegor_arrival_under_anarchy
D:2:      first_bread
D:3:      minmay_item_behind_shaft, uniq_robin

Action                   |  1- 3 |  4- 6 || total
-------------------------+-------+-------++-------
Melee: Mace              |    84 |    25 ||   109
 Cast: Beastly Appendage |     3 |       ||     3
  Use: Scroll            |     6 |       ||     6
       Potion            |       |     2 ||     2
 Stab: Sleeping          |     1 |       ||     1
       Distracted        |     1 |       ||     1
  Eat: Meat ration       |     1 |       ||     1
